 Dungeon Crawl Stone Soup version 0.20.1-1-g8b1a95d (webtiles) character file.

346 swgraham93 the Chopper (level 6, -1/53 HPs)
             Began as a Minotaur Fighter on Dec 16, 2017.
             Slain by an orc
             ... wielding a +0 war axe
              (4 damage)
             ... on level 3 of the Dungeon.
             The game lasted 00:12:54 (3005 turns).

swgraham93 the Chopper (Minotaur Fighter)           Turns: 3005, Time: 00:12:55

Health: -1/53      AC:  9    Str: 24    XL:     6   Next: 32%
Magic:  5/5        EV:  6    Int:  5    God:
Gold:   132        SH: 10    Dex: 10    Spells: 5/5 levels left

rFire    . . .     SeeInvis .   b - +3 flail
rCold    . . .     Gourm    .   c - +0 shield
rNeg     . . .     Faith    .   j - +0 chain mail
rPois    .         Spirit   .   (helmet restricted)
rElec    .         Reflect  .   (no cloak)
rCorr    .         Harm     .   (no gloves)
MR       .....                  (no boots)
Stlth    ..........             (no amulet)
Regen    0.2/turn               e - +2 ring of strength
MPRegen  0.1/turn               p - ring of wizardry

@: flying
A: retaliatory headbutt, horns 2
a: no special abilities


You were on level 3 of the Dungeon.
You were not hungry.

You visited 1 branch of the dungeon, and saw 4 of its levels.

You collected 132 gold pieces.

Inventory:

Hand Weapons
 b - a +3 flail (weapon)
Armour
 c - a +0 shield (worn)
 j - a +0 chain mail (worn)
Jewellery
 e - a +2 ring of strength (left hand)
 p - a ring of wizardry (right hand)
Wands
 d - a wand of clouds (4/9)
 n - a wand of acid (8/15)
Scrolls
 g - 2 scrolls of identify {unknown}
 l - 2 scrolls of magic mapping {unknown}
 o - a scroll of amnesia {unknown}
Potions
 h - 2 potions of flight
 i - 2 potions of curing {unknown}
 k - a potion of heal wounds {unknown}
Comestibles
 f - 4 bread rations
 m - a fruit


   Skills:
 + Level 4.6 Fighting
   Level 5.1 Axes
 + Level 0.5(3.2) Maces & Flails
 + Level 5.1 Armour
 - Level 1.0 Dodging
 + Level 5.1 Shields


You had 5 spell levels left.
You didn't know any spells.

Dungeon Overview and Level Annotations

Branches:
Dungeon (4/15)
 Temple: D:4-7

Altars:


Innate Abilities, Weirdness & Mutations

You reflexively headbutt those who attack you in melee.
You have a pair of horns on your head.


Message History

You sock the gnoll shaman!
You kill the gnoll shaman!
The orc hits you but does no damage.
The orc priest hits you but does no damage.
The orc hits you with a war axe! You block the orc priest's attack.
Items here: )) [ † a whip; a leather armour; a whip; a gnoll corpse Your shield and chain mail prevent you from hitting the orc priest.
Your headbutt misses the orc priest. The orc hits you with a war axe.
* * * LOW HITPOINT WARNING * * *
You block the orc priest's attack.
The orc priest mumbles some strange prayers to Beogh against you.
Beogh smites you!
* * * LOW HITPOINT WARNING * * *
It was a potion of flight.
You feel very buoyant.
You fly up into the air.
The orc closely misses you. You block the orc priest's attack.
The orc hits you with a war axe.
You die...

########## #........#
#.######.# #.# #.####### #.#
#.....#.###
#o##########.#...##
#)@.........(......
#o.########..#...##
#.......#....#.....
############.##............##
#........#...##.#.#........##
#........#...'...............
#............##.#.#..#.......
#............##.#.#..##......
#............##.#.#(.....####


You could see an orc priest and an orc.

Vanquished Creatures
  2 orc priests (D:4)
  A gnoll shaman (D:3)
  2 orc wizards
  Jessica (D:2)
  A worker ant (D:3)
  Terence (D:2)
  A gnoll (D:3)
  5 adders
  2 worms
  3 dart slugs
  6 orcs
  A ball python (D:3)
  5 giant cockroaches
  4 hobgoblins
  3 jackals (D:2)
  4 quokkas
  5 bats
  2 frilled lizards (D:2)
  5 goblins
  7 kobolds
  7 rats
68 creatures vanquished.

Notes
Turn   | Place    | Note
-------+----------+-------------------------------------------
     0 | D:1      | swgraham93 the Minotaur Fighter began the quest for the Orb.
     0 | D:1      | Reached XP level 1. HP: 19/19 MP: 0/0
   158 | D:1      | Reached XP level 2. HP: 22/27 MP: 1/1
   668 | D:2      | Noticed Terence
   672 | D:2      | Killed Terence
   672 | D:2      | Reached XP level 3. HP: 33/33 MP: 2/2
   911 | D:2      | Found a faded altar of an unknown god.
  1057 | D:2      | Reached XP level 4. HP: 40/40 MP: 3/3
  1149 | D:2      | Noticed Jessica
  1152 | D:2      | Killed Jessica
  1908 | D:3      | Reached XP level 5. HP: 45/46 MP: 4/4
  1961 | D:3      | Reached skill level 5 in Shields
  2462 | D:4      | Reached skill level 5 in Axes
  2465 | D:4      | Reached skill level 5 in Armour
  2465 | D:4      | Reached skill level 1 in Dodging
  2465 | D:4      | Reached XP level 6. HP: 41/53 MP: 5/5
  3005 | D:3      | Slain by an orc

Skill      XL: |  1  2  3  4  5 |
---------------+----------------+-----
Armour         | 4 5 |  5.1
Fighting       | 4 |  4.6
Axes           | 3 4 5 |  5.1
Shields        | 4 5 |  5.1
Dodging        | 1 |  1.0
Maces & Flails | |  0.5

Action                   |  1- 3 |  4- 6 || total
-------------------------+-------+-------++-------
Melee: War axe           |    50 |    74 ||   124
       Headbutt          |     6 |    16 ||    22
       Flail             |       |    24 ||    24
  Use: Potion            |     1 |     1 ||     2
  Eat: Chunk             |       |     2 ||     2
       Meat ration       |       |     1 ||     1
Armor: Scale mail        |    17 |    32 ||    49
       Chain mail        |       |    38 ||    38
Dodge: Dodged            |    17 |    44 ||    61
Block: Shield            |    26 |    77 ||   103
